Cogmind - Beta 15 @@@ ROGUE MODE // 2025.09.02 @ 18:56:46 Player: JTMusky Result: Destroyed by Y-45 Defender with Beam Rifle Performance ------------- Evolutions (1) 500 Regions Visited (2) 400 Robots Destroyed (13) 65 Value Destroyed (230) 230 Prototype IDs (3) 60 Alien Tech Used (0) 0 Bonus (0) 0 TOTAL SCORE: 1255 Bonus ------- None Cogmind --------- Core Integrity 0/400 Matter 200/300 Energy 100/100 System Corruption 0% Temperature Cool (10) Movement Flying (40) Location -9/Materials Parts ------- > --- POWER (1) -------- (None) > --- PROPULSION (2) --- Flight Unit > --- UTILITY (4) ------ Advanced Visual Processing Unit > --- WEAPON (2) ------- (None) > --- INVENTORY (5) ---- Light Ion Engine Advanced Visual Processing Unit Improved Terrain Scanner High-powered Tractor Beam Peak State ------------ > --- POWER ------------ Ion Engine > --- PROPULSION ------- Aluminum Leg Aluminum Leg > --- UTILITY ---------- Weight Redist. System Seismic Detector > --- WEAPON ----------- Assault Rifle Mining Laser > --- INVENTORY -------- Light Ion Engine Wheel Compact Wheel Assault Rifle Light Assault Rifle [Rating: 8] Favorites ----------- Power Ion Engine Engine Ion Engine Propulsion Aluminum Leg Leg Aluminum Leg Flight Unit Flight Unit Utility Seismic Detector Device Seismic Detector Processor Advanced Visual Processing Unit Weapon Assault Rifle Energy Cannon Advanced Beam Cannon Ballistic Gun Assault Rifle Special Weapon Mining Laser Build | -11 -10 -9 ------- Run | Yrd Mat Mat Slots Evolved 2 | . . 2 Power . | . . . Propulsion . | . . . Utility 2 | . . 2 Weapon . | . . . Parts Attached 18 | 6 5 7 Power 4 | 1 1 2 Engine 4 | 1 1 2 Core . | . . . Reactor . | . . . Propulsion 5 | 2 . 3 Treads . | . . . Leg 2 | 2 . . Wheel . | . . . Hover . | . . . Flight 3 | . . 3 Utility 3 | . 2 1 Device 2 | . 2 . Storage . | . . . Processor 1 | . . 1 Hackware . | . . . Protection . | . . . Artifact . | . . . Weapon 6 | 3 2 1 Energy Gun . | . . . Energy Cannon 1 | . . 1 Ballistic Gun 3 | 3 . . Ballistic Cannon . | . . . Launcher . | . . . Special Weapon 2 | . 2 . Impact Weapon . | . . . Slashing Weapon . | . . . Piercing Weapon . | . . . Special Melee Weapon . | . . . Unidentified Prototypes 1 | . . 1 Parts Lost 13 | . 9 4 Power 3 | . 2 1 Propulsion 4 | . 2 2 Utility 2 | . 2 . Weapon 4 | . 3 1 Highest Loss Streak 5 | . 5 3 To Critical Strikes . | . . . Average Backups 4 | 2 4 3 Power . | . 1 . Propulsion 1 | 1 2 . Utility . | . . 2 Weapon 1 | . 1 . Tool/Special . | . . . Unused Backups 5 | . . 5 Power . | . . . Propulsion 2 | . . 2 Utility 3 | . . 3 Weapon . | . . . Tool/Special . | . . . Average Slot Usage (%) 64 | . 73 23 Engine 11 | . 12 5 Leg 19 | . 24 . Flight 1 | . . 6 Device 7 | . 9 . Processor 1 | . . 9 Ballistic Gun 16 | . 20 . Special Weapon 4 | . 5 . Peak Build Rating 8 | 5 8 7 Average Rating 5 | 3 5 4 On Entrance 1 | . 5 . Naked Turns 12 | . 1 11 Heaviest Build 10 | 7 10 4 Greatest Support 26 | 20 26 8 Greatest Overweight (x) 1 | . 1 1 Average Overweight (x) . | . . . Largest Inventory Capacity 5 | 5 5 5 Average Capacity 5 | 5 5 5 Most Carried 5 | 4 5 5 Average Carried 4 | 2 4 3 Final Capacity 5 | 5 5 5 Final Carried 5 | 4 5 4 Class Distribution -------------------- 100% | Mutant Dominant Class ---------------- Mutant | -10/Materials Mutant | -9/Materials Resources | -11 -10 -9 ----------- Run | Yrd Mat Mat Matter Collected 452 | 159 261 32 Remotely . | . . . Salvage Created 354 | 17 286 51 Parts 28 | 3 19 6 Haulers Intercepted 2 | . 2 . Recyclers Shooed . | . . . Parts Field Recycled . | . . . Retrieved Matter . | . . . Parts Self-Destructed . | . . . Prevented . | . . . Kills | -11 -10 -9 ------- Run | Yrd Mat Mat Combat Hostiles Destroyed 10 | . 7 3 Guns 7 | . 7 . Cannons 3 | . . 3 Classes Destroyed 4 | 1 3 . Tunneler 1 | 1 . . Hauler 2 | . 2 . Swarmer 6 | . 3 3 Grunt 4 | . 4 . Best Kill Streak 4 | 1 4 3 Combat Bots Only 3 | . 3 3 Max Kills in Single Turn 1 | 1 1 1 Gunslinging . | . . . Exploded . | . . . Melee . | . . . Uniques/NPCs Destroyed . | . . . Combat | -11 -10 -9 -------- Run | Yrd Mat Mat Hostile Shots Fired 189 | . 91 98 Missed 49 | . 20 29 Hits 140 | . 71 69 Projectile 140 | . 71 69 Damage Taken 1450 | . 765 685 Core 627 | . 215 412 Absorbed by Shields . | . . . Core Remaining (%) 57 | 100 14 . Volleys Fired 72 | 2 60 10 Largest 2 | 2 2 1 Hottest 100 | 40 100 68 Shots Fired 95 | 4 81 10 Gun 71 | 4 67 . Cannon 10 | . . 10 Launcher . | . . . Special 14 | . 14 . Kinetic 71 | 4 67 . Thermal 24 | . 14 10 Explosive . | . . . Electromagnetic . | . . . Robot Hit Streak 7 | 1 7 2 Robot Miss Streak 4 | 2 4 3 Penetration Max . | . . . Secondary Targets 1 | . 1 . Max Gunslinging Chain 1 | . 1 . Shots Hit Robots 46 | 1 41 4 Core Hits 23 | 1 19 3 Critical Kills . | . . . Critical Parts Destroyed . | . . . Critical Strikes . | . . . Melee Attacks . | . . . Impact . | . . . Slashing . | . . . Piercing . | . . . Sneak Attacks . | . . . Combat Hostiles . | . . . Follow-up Attacks . | . . . Damage Inflicted 734 | 12 578 144 Guns 563 | 12 551 . Cannons 144 | . . 144 Explosions . | . . . Melee . | . . . Ramming 3 | . 3 . Kinetic 563 | 12 551 . Thermal 168 | . 24 144 Explosive . | . . . Electromagnetic . | . . . Impact . | . . . Slashing . | . . . Piercing . | . . . Highest Corruption 2 | . 2 . Average Corruption 2 | . 2 . Corruption Purged . | . . . Corruption Blocked . | . . . Overload Shots . | . . . Overflow Damage . | . . . Projectiles . | . . . Explosions . | . . . Melee . | . . . Knockbacks . | . . . Impact . | . . . Kinetic . | . . . Secondary . | . . . Self-Inflicted Damage 1 | . 1 . Shots . | . . . Rammed 5 | . 5 . Targets Rammed 5 | . 5 . Kicked . | . . . Crushed . | . . . Highest Temperature 117 | . 60 117 Average Temperature 25 | . 17 52 Received Heat Transfer 450 | . 336 114 Siege Activations . | . . . Martial Activations . | . . . Shielding Activations . | . . . Robots Disrupted . | . . . Combat Hostiles . | . . . Robots Corrupted . | . . . Combat Hostiles . | . . . Parts Fried . | . . . Impact Corruptions . | . . . Robots Melted . | . . . Combat Hostiles . | . . . Parts Melted 1 | . . 1 Heat Transferred 309 | . 50 259 Parts Sabotaged . | . . . Parts Stolen . | . . . Parts Stripped . | . . . Power Chain Reactions . | . . . Alert | -11 -10 -9 ------- Run | Yrd Mat Mat Maximum Alert Level . | . . . Low Security (%) 100 | 100 100 100 Level 1 . | . . . Level 2 . | . . . Level 3 . | . . . Level 4 . | . . . Level 5 . | . . . High Security . | . . . Max Security . | . . . Peak Influence 152 | 5 152 150 Initial 35 | . 3 35 Average 24 | . 19 54 Influence Increases 566 | 5 326 235 Destroy 0b10 Robot/C 200 | . 140 60 Destroy 0b10 Robot/NC 15 | 5 10 . Destroy Leader 44 | . 34 10 Successful Hack 14 | . 14 . Disable Machine 15 | . 15 . Destroy Structure 8 | . 8 . Partial Spotted 45 | . . 45 Lose Combat Pursuer 225 | . 105 120 Influence Decreases 426 | . 245 181 Entered New Map 53 | . 2 51 Time Decay 273 | . 183 90 Lost Part 100 | . 60 40 Squads Dispatched 5 | . 3 2 Investigation 1 | . 1 . Extermination . | . . . Reinforcement 4 | . 2 2 Assault . | . . . Garrison . | . . . Intercept . | . . . Searches Triggered . | . . . Construction Impeded . | . . . Haulers Reinforced . | . . . Active Scanning Responses . | . . . Cargo Convoy Interrupts . | . . . Stealth | -11 -10 -9 --------- Run | Yrd Mat Mat Distress Signals 7 | . 6 1 Communications Jammed . | . . . Distress Signals . | . . . Times Spotted 56 | . 30 26 Peak Tracking Total 15 | . 11 15 Tactical Retreats 5 | . 3 2 Traps | -11 -10 -9 ------- Run | Yrd Mat Mat Traps Triggered 1 | . 1 . Indirectly . | . . . Trap Hack Attempts . | . . . Triggered . | . . . Disarmed . | . . . Reprogrammed . | . . . Reused . | . . . Traps Extracted . | . . . Installed . | . . . Triggered . | . . . Machines | -11 -10 -9 ---------- Run | Yrd Mat Mat Machines Disabled 1 | . 1 . Max in Single Turn 1 | . 1 . Machines Repaired . | . . . Machines Dismantled . | . . . Machines Sabotaged . | . . . Overloaded Fab Kills . | . . . Hacking | -11 -10 -9 --------- Run | Yrd Mat Mat Machines Accessed 3 | . 2 1 Terminals 3 | . 2 1 Fabricators . | . . . Repair Stations . | . . . Recycling Units . | . . . Scanalyzers . | . . . Garrison Access . | . . . Total Hacks 10 | . 9 1 Successful 6 | . 5 1 Failed 4 | . 4 . Catastrophic . | . . . Database Lockouts . | . . . Manual . | . . . Terminals 10 | . 9 1 Fabricators . | . . . Repair Stations . | . . . Recycling Units . | . . . Scanalyzers . | . . . Garrison Access . | . . . Terminal Hacks 6 | . 5 1 Robot Analysis 2 | . 1 1 Prototype ID Bank 1 | . 1 . Locate Traps 1 | . 1 . Dispatch Records 1 | . 1 . Maintenance Status 1 | . 1 . Fabricator Hacks . | . . . Repair Station Hacks . | . . . Recycling Unit Hacks . | . . . Scanalyzer . | . . . Garrison Access Hacks . | . . . Unauthorized Hacks . | . . . Terminals . | . . . Fabricators . | . . . Repair Stations . | . . . Recycling Units . | . . . Scanalyzers . | . . . Garrison Access . | . . . Data Cores Recovered . | . . . Used . | . . . Hacking Detections 1 | . 1 . Full Trace Events 1 | . 1 . Feedback Events . | . . . Feedback Blocked . | . . . Robot Schematics Acquired . | . . . Robots Built . | . . . Authchips . | . . . Time . | . . . Total Robot Build Rating . | . . . Part Schematics Acquired . | . . . Parts Built . | . . . Authchips . | . . . Time . | . . . Total Part Build Rating . | . . . Parts Repaired . | . . . Time . | . . . Parts Recycled . | . . . Recycled Matter . | . . . Retrieved Matter . | . . . Retrieved Components . | . . . Parts Scanalyzed . | . . . Part Schematics Acquired . | . . . Parts Damaged . | . . . Bothacking | -11 -10 -9 ------------ Run | Yrd Mat Mat Used RIF Installer . | . . . Robots Hacked . | . . . Non-combat . | . . . Combat . | . . . Robot Hacks Applied . | . . . Relay Couplers Released . | . . . Fabnet Peak Effective % . | . . . Robots Rewired . | . . . Allies Hacked . | . . . Hacks Repelled . | . . . Allies | -11 -10 -9 -------- Run | Yrd Mat Mat Total Allies . | . . . Largest Group . | . . . Highest-Rated Group . | . . . Highest-Rated Ally . | . . . Total Orders . | . . . Ally Attacks . | . . . Total Damage . | . . . Kills . | . . . Allies Corrupted . | . . . Allies Melted . | . . . Intel | -11 -10 -9 ------- Run | Yrd Mat Mat Active Infowar (turns) 585 | . 421 164 Optics 164 | . . 164 Seismic 421 | . 421 . Robot Analysis Total 2 | . 1 1 Derelict Logs Recovered . | . . . Drone Launches . | . . . Drone Recoveries . | . . . Exploration | -11 -10 -9 ------------- Run | Yrd Mat Mat Turns Passed 1045 | 71 794 180 Spaces Moved 797 | 51 481 265 Core 192 | 11 77 104 Treads . | . . . Legs 444 | 40 404 . Wheels . | . . . Hover . | . . . Flight 161 | . . 161 Fastest Speed 37 | 50 50 37 Average Speed 87 | 104 110 42 Slowest Speed 120 | 120 120 100 Overloaded Moves . | . . . Propulsion Burnouts . | . . . Robots Hopped 13 | . . 13 Potential Cave-ins . | . . . Cave-ins Triggered . | . . . Exploration Rate (%) 31 | 4 57 34 Regions Visited 2 Branch Regions . Pre-discovered Areas . | . . . Known Exits Taken . | . . . Unknown Exits Taken 2 | 1 1 . Scrap Searched . | . . . Spaces Dug 11 | . 11 . Terrain Destroyed 12 | . 12 . Melee . | . . . Projectile 12 | . 12 . AOE . | . . . Terrain Rammed . | . . . Walls Destroyed . | . . . Machines Disabled . | . . . Actions | -11 -10 -9 --------- Run | Yrd Mat Mat Total 999 | 62 628 309 Wait 101 | . 74 27 Move 770 | 50 480 240 Hop 12 | . . 12 Pick Up 9 | 3 1 5 Fast Attach 18 | 6 7 5 Attach 3 | . . 3 Detach 3 | 1 . 2 Swap 1 | . 1 . Drop 5 | . . 5 Fire 72 | 2 60 10 Melee . | . . . Ram 5 | . 5 . Kick . | . . . Crush . | . . . Escape Stasis . | . . . Rewire . | . . . Trap . | . . . Miscellaneous . | . . . Route ------- -11/Scrapyard -10/Materials (discovered 2 exits: *Mat x2) -9/Materials (discovered 1 exit: [*Min]) History --------- Turn | Location | Event 11 | -11/Scrapyard | Discovered new exit (range 15) 72 | -11/Scrapyard | Entered Materials 324 | -10/Materials | Build established: Mutant 403 | -10/Materials | Discovered new exit (range 6) 802 | -10/Materials | Lost 3 parts (2n1w) 851 | -10/Materials | Discovered new exit (range 16) 858 | -10/Materials | Core integrity fell below 50% 864 | -10/Materials | Core integrity fell below 20% 866 | -10/Materials | Entered another Materials area 866 | -9/Materials | Evolved 2 slots: Utility x2 896 | -9/Materials | Lost 5 parts (1p2u2w) 963 | -9/Materials | Core integrity fell below 50% 980 | -9/Materials | Core integrity fell below 20% 997 | -9/Materials | Discovered new exit (range 19) 1021 | -9/Materials | Lost 3 parts (1p1n1w) 1046 | -9/Materials | Destroyed by Y-45 Defender with Beam Rifle Last Messages --------------- 00961_ S-10 Pest destroyed. 00962_ K-01 Serf collects debris. 00963_ S-10 Pest destroyed. 00969_ Adv. Beam Cannon destroyed. 00970_ Acquired Flight Unit. 00972_ Acquired 14 matter. 00973_ Acquired Flight Unit. 00975_ Acquired 18 matter. 00976_ Acquired Flight Unit. 00978_ Acquired Lgt. Ion Engine. 00983_ K-01 Serf collects debris. 00990_ Flight Unit destroyed. 00996_ K-01 Serf collects debris. 00996_ O-16 Technician: "IFF HANDSHAKE FAILED. SECURING TERMINAL." 00997_ EXIT=FOUND 01026_ Flight Unit destroyed. 01026_ ALERT: Hostiles spotted, dispatching reinforcements to Terminal M002. 01027_ K-01 Serf cleans the Pressure Siphon. Map ----- +----------------------------------------------------+ | ?????????????# #??????# """# """" | | ?????????????# #??????# R"# """" | | ?????????????# #??????# """# | | ?????????????# ####???# # | | ?????????????# #???#######+## | | ????????????##+##+## #?????????# #?????? | | ????????????# # ########### #?????? | | ??###???????# # #?????? | | ??#"""??????# = # ############ #####??? | | ?##"T"####### # #???????# #??? | | ?# # """ # #???????# "S #??? | | ?# [ # """ # #???????# """ #??? | | ?# + """ # #???????# "" #??? | | ?# !! # # #???????# #??? | | ?# !! # """ #### #???????# """ #??? | | ?# !! # """ #??# #???????# """ #??? | | ?# # """ #??# #???????# """ #??? | | ?# # #??# #???????# #??? | | ?# ########??# #???????##########??? | | ?# "T" ########?## ##??????????????????? | | ?# ### #??????????????????? | | ?# #???######?????????? | | ?############# ### #???""" #?????????? | | ?????????????# #?####### """ #?????????# | | ???# # ##### # """ #??????? # | | ???# k @ Y + #?????? # | | ???# #### ######Y # #?????" # | | ???# ????# #????## ##! #?????" # | | ???########?????# #?#####/#########???? ?? | | ????????????????# #?# #######? ???? | | ????????????????# #?# """ # ##+###### | | ????????????????# ?+ """"" # | | ????????????????# #?# """"" / | | ????????????????# #?# """"" # | | ????????????????# #?# """ # ##+###### | | ????????????????? ??# ## ##???????? | | ????????????????? ??# ## #????????? | | ????????????????? ??############ ##???????? | | ????????????? +???????? | | ????????????????? ????########## ##???????? | | ????????????????? ?????????????### #????????? | | ????????????????? ???????????????# #????????? | | ????????????????? ???????????????# #????????? | | ????????????????? ???????????????# #????????? | | ?????????????????????????????????# #????????? | | ?????????????????????????????????# #????????? | | ?????????????????????????????????# #????????? | | ?????????????????????????######??# #??####### | | ?????????????????????????# ## ## # | | ?????????????????????????# # # # | +----------------------------------------------------+ Best States ------------- Heat Dissipation 28 Energy Generation 10 Energy Capacity 250 Matter Stores 228 Matter Capacity 300 Sight Range 20 Terrain Scan Density 10 Additional Mass Support 6 Evasion (%) 62 Item Schematics ----------------- None Robot Schematics ------------------ None Fabricated ------------ Nothing Repaired ---------- Nothing Alien Tech Used ----------------- None Achievements -------------- None Challenges ------------ None Game ------ Seed ChipGrenadeSabre Manual? 0 Play Time 00:26:13 Cumulative 40.0 hours Start 2025.09.01 @ 21:12:32 End 2025.09.02 @ 18:56:46 Sessions 5 Manual Loads 0 Difficulty Rogue Special Mode None Game No. 54 Rogue 54 Adventurer 0 Explorer 0 Win Type - Total 0 Types 0/0/0/0/0/0/0/0/0/0 Lore% 14 Gallery% 17 Achievement% 19 Wizard Run 0 Options --------- Layout 2 ASCII 1 Keyboard 1 Movement Vi Keybinds 1 Fullscreen 0 Font 28/SmallcapsGlow Map View 59x48 Zoom Use 92% Tactical HUD 1 Map Filters NONE Filters NONE Steam 0 RUN: 234e9e0a-cde8-4f7b-bcf3-5a330f897861